Description

A strong push for maps where you can siege their natural mineral line from the lowground such as Blood Boil and Abyssal Reef

VOD

https://www.youtube.com/watch?v=nSiVkCOMCwQ

Replay - Improvised Marine-Tank Push

Build Order

Get SALT Encoding   

  12  0:01  SCV  
  13  0:13  SCV  
  14  0:17  Supply Depot  
  14  0:25  SCV  
  15  0:38  SCV  
  15  0:40  Barracks  
  16  0:46  Refinery  
  16  0:50  SCV  
  17  1:03  SCV  
  18  1:15  SCV  
  19  1:27  Orbital Command  
  19  1:29  Reaper  
  20  1:42  Command Center  
  20  1:53  SCV  
  21  1:57  Supply Depot  
  22  2:03  Refinery  
  22  2:04  Marine  
  22  2:07  SCV  
  23  2:17  Factory  
  23  2:23  SCV  
  23  2:26  Barracks Reactor  
  26  2:54  Orbital Command  
  27  3:10  Starport  
  27  3:14  Hellion x2  
  33  3:32  Liberator  
  33  3:35  Hellion  
  35  3:44  Barracks Tech Lab  
  35  3:46  Barracks  
  40  3:56  Supply Depot  
  40  4:13  Marine, Siege Tank, Refinery  
  46  4:18  Supply Depot  
  47  4:26  Marine  
  47  4:30  Barracks  
  49  4:44  Barracks Tech Lab  
  49  4:45  Marine x2  
  53  4:46  Siege Tank  
  53  4:50  Supply Depot  
  58  5:03  Marine x2, Stimpack  
  63  5:24  Marine x2  
  65  5:41  Marine, Siege Tank, Medivac  
  74  5:55  Engineering Bay  
  77  6:07  Barracks Reactor  
  77  6:13  Medivac  
  77  6:17  Siege Tank  
  80  6:43  Medivac  
  86  6:55  Command Center  
  87  7:04  Combat Shields, Barracks x2  
  83  7:41  Siege Tank  
  94  7:51  Starport Reactor  
  94  7:55  Armory  
  94  7:56  Engineering Bay, Terran Infantry Weapons Level 1  
  86  8:13  Missile Turret x2  
  86  8:19  Barracks Reactor x2  
  86  8:21  Missile Turret  
  86  8:24  Terran Infantry Armor Level 1  
Spawning Tool Build Advisor. Get it on Overwolf

Go to:

Details

  • Created by: PiG      
  • Published on: Jun 08, 2017
  • Modified on: Jun 08, 2017
  • Patch: 3.8.0
Show
View Real Time Build Order
Export as new Build Order

Comments (2)

On June 11, 2017, 6:43 a.m., PiG  said:

Sorry mate accidentally published a bunch when I simply meant to save them. It'll be live soon

On June 10, 2017, 4:02 a.m., Pete5353  said:

Hi!
I Love your Guides and I also follow your Build Guides on YouTube. It's wonderful that you you put so much effort and work in this learning videos for those of us who are still (trying hard) in the lower leagues.
On this particular build, your Video seems unavailable, at least for me (central Europe).
Thank you for your outstanding work for the community and good luck on all your ways,
Greetings, Pete

Create an account to comment!